 Dungeon Crawl Stone Soup version 0.31-a0-236-g9a0961fb85 (webtiles) character file.

Game seed: 10657019927552886022

30 Iniera the Stinger (level 3, -1/19 HPs)
             Began as a Deep Elf Venom Mage on July 10, 2023.
             Slain by a worm (9 damage)
             ... on level 2 of the Dungeon.
             The game lasted 00:01:37 (959 turns).

Iniera the Stinger (Deep Elf Venom Mage)             Turns: 959, Time: 00:01:37

Health: -1/19      AC:  3    Str:  5    XL:     3   Next: 5%
Magic:  9/10       EV: 13    Int: 21    God:
Gold:   41         SH:  0    Dex: 15    Spells: 3/9 levels left

rFire   . . .        j - +2 short sword (vamp)
rCold   . . .        (no shield)
rNeg    . . .        a - +0 robe
rPois   .            (no helmet)
rElec   .            (no cloak)
rCorr   .            (no gloves)
SInv    .            g - +0 pair of boots
Will    .....        (no amulet)
Stlth   ++           (no ring)
HPRegen 0.23/turn    (no ring)
MPRegen 0.12/turn

%: no passive effects
@: no status effects
A: no striking features
a: no special abilities


You were on level 2 of the Dungeon.
You visited 1 branch of the dungeon, and saw 2 of its levels.

You collected 41 gold pieces.

Inventory:

Hand Weapons
 f - a +0 dagger of venom
 j - a +2 vampiric short sword (weapon)
Armour
 a - a +0 robe (worn)
 g - a +0 pair of boots (worn)
Scrolls
 d - a scroll of teleportation
 h - a scroll of fear {unknown}
Potions
 b - a potion of magic
 c - a potion of lignification {unknown}
 e - 3 potions of attraction
 i - a potion of berserk rage {unknown}


   Skills:
 + Level 0.3 Short Blades
 * Level 2.7 Dodging
 - Level 2.4 Stealth
 - Level 3.6 Spellcasting
 + Level 0.6 Conjurations
 + Level 1.7 Transmutations
 + Level 3.6 Poison Magic


You had 3 spell levels left.
You knew the following spells:

 Your Spells              Type           Power      Damage    Failure   Level
a - Sting                 Tmut/Pois      60%        1d6       4%          1
b - Poisonous Vapours     Pois/Air       22%        N/A       9%          2
c - Mephitic Cloud        Conj/Pois/Air  9%         N/A       21%         3

Your spell library contained the following spells:

 Spells                   Type           Power      Damage    Failure   Level
 Olgreb's Toxic Radiance  Pois           19%        N/A       28%         4


Dungeon Overview and Level Annotations

Branches:
Dungeon (2/15)

Altars:


Message History

j - a +2 vampiric short sword
Okay, then.
You hit the worm but do no damage.
The worm is poisoned.
The worm bites you!
You are too injured to fight recklessly!
You are too injured to fight recklessly!
You are too injured to fight recklessly!
You are too injured to fight recklessly!
You are too injured to fight recklessly!
You are too injured to fight recklessly!
You are too injured to fight recklessly!
You are too injured to fight recklessly!
You are too injured to fight recklessly!
You are too injured to fight recklessly!
You are too injured to fight recklessly!
Your +0 dagger of venom stops dripping with poison.
You feel a sense of dread.
j - a +2 vampiric short sword (weapon)
Aiming: Sting (safe; 4% risk of failure)
Press: ? - help, Q - select action, (/) - cycle Shift-Dir - straight line, f - worm
Aim: a worm (moderately wounded, poisoned, 91% to hit)
The sting hits the worm but does no damage.
The worm looks even sicker.
The worm is moderately wounded.
You hit the worm.
You feel better.
The worm is moderately wounded.
The worm bites you.
You hit the worm.
You feel better.
The worm is heavily wounded.
You hit the worm.
You feel better.
The worm is severely wounded.
The worm bites you.
You hit the worm.
You feel better.
The worm is almost dead.
The worm bites you!
You hit the worm.
The worm is almost dead.
You hit the worm but do no damage.
The worm is almost dead.
The worm bites you!
You die...

##### ##...##
##.....## #.......#
.. ####...@...# ...
#.....w....#
.#.####...#.....##
.................#
.#....#..........#
.......#..........###
#........#..........#
#..##....(.##.......#
#..###..............#


You could see a worm (poisoned).

Vanquished Creatures
  A dart slug (D:1)
  2 endoplasms
  4 hobgoblins
  A quokka (D:1)
  2 ball pythons (D:1)
  6 bats
  2 frilled lizards
  4 goblins
  2 kobolds (D:1)
  4 rats (D:1)
28 creatures vanquished.

Notes
Turn   | Place    | Note
-------+----------+-------------------------------------------
     0 | D:1      | Iniera the Deep Elf Venom Mage began the quest for the Orb.
     0 | D:1      | Reached XP level 1. HP: 10/10 MP: 6/6
   235 | D:1      | Reached XP level 2. HP: 15/15 MP: 6/8
   831 | D:2      | Reached XP level 3. HP: 10/19 MP: 10/10
   834 | D:2      | Learned a level 2 spell: Poisonous Vapours
   838 | D:2      | Learned a level 3 spell: Mephitic Cloud
   959 | D:2      | Slain by a worm

Illustrated notes

Levels and vault maps discovered:
D:1:      dpeg_arrival_round_b, layout_loops_ring, minmay_tetromino_l2
D:2:      layout_rooms

Action                     || total
---------------------------++-------
  Melee: Unarmed           ||     5
         Dagger            ||    33
         Short sword       ||     6
   Cast: Sting             ||    19
    Use: Scroll            ||     3
 Armour: Robe              ||     8
  Dodge: Dodged            ||    24

Table legend: (Time is in decaauts)
 A = Elapsed time spent in this place.
 B = Non-inter-level travel time spent in this place.
 C = Inter-level travel time spent in this place.
 D = Time resting spent in this place.
 E = Time spent auto-exploring this place.
 F = Levels seen in this place.
 G = Mean time per level.
                   A        B        C        D        E       F      G
               +--------+--------+--------+--------+--------+-----+--------+
         Total |    957 |    935 |     22 |      0 |    726 |   2 |  478.5 |
       Dungeon |    957 |    935 |     22 |      0 |    726 |   2 |  478.5 |
               +--------+--------+--------+--------+--------+-----+--------+

Top non-repeatable levels by time:
     D:1: 815 daAuts
     D:2: 141 daAuts
